Get step-by-step instructions on how to execute this build order below. Start the game timer, and the build order will tick by so you can play in parallel with StarCraft on a second screen or mobile device.

Game Time

  0:00

Last Step

  N/A

Next Step

  12  0:03  Drone  

Upcoming Step

  13  0:12  Drone  

Don't want to look back and forth between 2 screens? Try out our Overwolf App, the Spawning Tool Build Advisor to get an in-game overlay with this build!

Complete Build Order

  12  0:03  Drone  
  13  0:12  Drone  
  14  0:19  Overlord  
  14  0:42  Drone  
  15  0:52  Spawning Pool  
  15  0:56  Drone  
  15  1:05  Drone  
  15  1:06  Overlord  
  16  1:41  Drone x3  
  19  1:57  Zergling x2  
  20  2:09  Extractor  
  20  2:11  Drone  
  20  2:17  Drone  
  22  2:37  Zergling x4  
  23  2:50  Drone  
  24  3:07  Zergling x2  
  24  3:12  Drone  
  26  3:16  Metabolic Boost  
  26  3:33  Drone  
  27  3:35  Zergling x2  
  27  3:40  Drone  
  29  3:55  Zergling x2  
  30  4:09  Overlord  
  29  4:24  Zergling x2  
  30  4:41  Zergling x2  
  30  4:42  Zergling x2  
  32  5:02  Zergling x2  
  32  5:03  Zergling x2  
  33  5:14  Zergling x2  
  34  5:26  Zergling x2  
  34  5:27  Hatchery  
  34  5:38  Zergling x4  
  35  6:04  Hatchery